 Dungeon Crawl Stone Soup version 0.24.1-14-gf8d2b509d9 (webtiles) character file.

Game seed: 13177654378320419201, levelgen mode: deterministic

166 coldcut the Grave Robber (level 5, -1/35 HPs)
             Began as a Mummy Necromancer on Nov 2, 2021.
             Slain by a gnoll
             ... wielding a +0 spear
              (7 damage)
             ... on level 4 of the Dungeon on Nov 3, 2021.
             The game lasted 00:26:41 (3942 turns).

coldcut the Grave Robber (Mummy Necromancer)        Turns: 3942, Time: 00:26:42

Health: -1/35      AC:  3    Str: 12    XL:     5   Next: 22%
Magic:  5/11       EV: 15    Int: 15    God:
Gold:   128        SH:  0    Dex: 12    Spells: 10/12 levels left

rFire    x . .     SeeInvis .   m - +3 glaive
rCold    + . .     Gourm    .   (shield currently unavailable)
rNeg     + + +     Faith    .   g - +0 leather armour
rPois    ∞         Spirit   .   (no helmet)
rElec    .         Reflect  .   (no cloak)
rCorr    .         Harm     .   (no gloves)
MR       .....                  (no boots)
Stlth    ++........             (no amulet)
HPRegen  0.11/turn              h - +3 ring of evasion
MPRegen  0.12/turn              (no ring)

@: no status effects
A: no food or potions, fire vulnerability, cold resistance 1, negative energy
resistance 3, torment resistance, unbreathing
a: no special abilities


You were on level 4 of the Dungeon.
You were not hungry.

You visited 1 branch of the dungeon, and saw 4 of its levels.

You collected 128 gold pieces.

Inventory:

Hand Weapons
 b - a +0 club
 d - a +3 hand axe
 m - a +3 glaive (weapon)
Missiles
 j - 22 stones (quivered)
 q - 4 boomerangs
Armour
 a - a +0 robe
 g - a +0 leather armour (worn)
Jewellery
 h - a +3 ring of evasion (left hand)
Scrolls
 e - 2 scrolls of teleportation {unknown}
 i - a scroll of fear {unknown}
 k - 3 scrolls of identify {unknown}
 l - 2 scrolls of enchant weapon {unknown}
Potions
 c - a potion of magic {unknown}
 o - a potion of brilliance {unknown}
Comestibles
 f - 9 rations


   Skills:
 + Level 2.3 Dodging
 + Level 2.6 Stealth
 + Level 4.2 Spellcasting
 + Level 4.9 Necromancy


You had 10 spell levels left.
You knew the following spells:

 Your Spells              Type           Power        Failure   Level  Hunger
a - Pain                  Necr           ###.         3%          1    N/A
b - Animate Skeleton      Necr           N/A          3%          1    N/A

Your spell library contained the following spells:

 Spells                   Type           Power        Failure   Level  Hunger
 Vampiric Draining        Necr           ###.......   9%          3    N/A
 Animate Dead             Necr           N/A          28%         4    N/A
 Regeneration             Chrm/Necr      Unusable     N/A         3    N/A

Dungeon Overview and Level Annotations

Branches:
Dungeon (4/15)
 Temple: D:4-7

Altars:
The Shining One


Innate Abilities, Weirdness & Mutations

You do not eat or drink.
Your flesh is vulnerable to fire.
You are immune to poison.
Your flesh is cold resistant. (rC+)
You are immune to negative energy. (rN+++)
You are immune to unholy pain and torment.
You can survive without breathing.


Message History

The gnoll hits you from afar with a +0 spear!
* * * LOW HITPOINT WARNING * * *
The gnoll barely misses you.
Okay, then.
Unknown command.
As you read the scroll labeled QEIKUIREUG, it crumbles to dust.
It is a scroll of amnesia.
Okay, then.
The gnoll hits you from afar with a +0 spear.
* * * LOW HITPOINT WARNING * * *
The gnoll misses you.
As you read the scroll labeled NOAT ALUENNI, it crumbles to dust.
You hear a loud clanging noise!
It was a scroll of noise.
You hear a shout! x3
The gnoll barely misses you. The gnoll hits you but does no damage.
You closely miss the gnoll.
The gnoll is almost dead.
The gnoll hits you from afar with a +0 spear!
You die...

... .. ..
#. .###..
......#####
..........#
...(((gg@.#
......##..#
...... #..#
####+ #....
#.....
........
#..#####
#..#


You could see 2 gnolls.

Vanquished Creatures
  A howler monkey skeleton (D:4)
  4 gnolls
  4 adders
  An ooze (D:2)
  4 worms
  2 dart slugs (D:2)
  A leopard gecko (D:2)
  An orc (D:3)
  3 giant cockroaches
  7 goblins
  8 hobgoblins
  6 kobolds
  A quokka (D:2)
  3 ball pythons
  7 bats
  7 frilled lizards
  6 rats
66 creatures vanquished.

Notes
Turn   | Place    | Note
-------+----------+-------------------------------------------
     0 | D:1      | coldcut the Mummy Necromancer began the quest for the Orb.
     0 | D:1      | Reached XP level 1. HP: 13/13 MP: 4/4
   769 | D:1      | Reached XP level 2. HP: 19/19 MP: 4/6
  1094 | D:2      | Found a glowing golden altar of the Shining One.
  1212 | D:2      | Reached XP level 3. HP: 24/24 MP: 2/7
  1417 | D:2      | Reached XP level 4. HP: 30/30 MP: 6/9
  2548 | D:2      | Learned a level 1 spell: Animate Skeleton
  3525 | D:3      | Reached XP level 5. HP: 35/35 MP: 9/11
  3942 | D:4      | Slain by a gnoll

Levels and vault maps discovered:
D:1:      wheals_arrival_linesprint, layout_loops_cross
D:2:      layout_basic, lemuel_crystal_altar, first_ration
D:3:      layout_loops_ring
D:4:      layout_gridville, makhleb_heckhound_becter, minmay_vboxes

Skill      XL: |  1  2  3  4 |
---------------+-------------+-----
Spellcasting   | 3 4 |  4.2
Stealth        | 2 |  2.6
Dodging        | 2 |  2.3
Necromancy     | |  4.9

Action                   |  1- 3 |  4- 6 || total
-------------------------+-------+-------++-------
Melee: Club              |     3 |       ||     3
       Hand axe          |    14 |    10 ||    24
       Glaive            |       |    24 ||    24
Throw: Stone             |     4 |     9 ||    13
 Cast: Pain              |    42 |    61 ||   103
       Animate Skeleton  |       |     2 ||     2
  Use: Scroll            |       |     2 ||     2
Armor: Robe              |     2 |       ||     2
       Leather armour    |     6 |    11 ||    17
Dodge: Dodged            |    24 |    34 ||    58
